General information
- name: BNet
- type: Ladder team game (AT/RT)
- host: Battle.net
- saver: HuhOhImHere
map: TwilightRuins
- players: 8
- length: 35:05
- speed: Fast
- version: 1.28 W3XP
- replay type: Public
» download(255 KB)
Players
team 1 (loser)

»
Delroy (
green | 53 APM | 1842 actions | 34:56)
6 Death Knight
3 Death Coil
2 Unholy Aura
1 Animate Dead
1 Dark Ranger
1 Black Arrow
5 Lich
3 Frost Nova
2 Frost Armor
» actions
| Assign group hotkey | 13 | |
| Basic commands | 82 | |
| Build / train | 101 | |
| ESC pressed | 2 | |
| Enter build submenu | 26 | |
| Enter hero's abilities submenu | 12 | |
| Give item / drop item | 1 | |
| Remove unit from queue | 4 | |
| Right click | 865 | |
| Select / deselect | 612 | |
| Select group hotkey | 6 | |
| Use ability | 118 | |
1842 total
» units
| Acolyte | 13 | |
| Ghoul | 8 | |
| Crypt Fiend | 11 | |
| Frost Wyrm | 7 | |
| Obsidian Statue | 9 | |
48 total
» upgrades
| Creature Attack | 4 | |
| Creature Carapace | 3 | |
| Cannibalize | 1 | |
| Web | 1 | |
| Freezing Breath | 1 | |
| Destroyer Form | 1 | |
11 total
» buildings
| Crypt | 1 | |
| Ziggurat | 11 | |
| Altar of Darkness | 1 | |
| Graveyard | 1 | |
| Tomb of Relics | 2 | |
| Spirit Tower | 3 | |
| Halls of the Dead | 2 | |
| Necropolis | 1 | |
| Black Citadel | 2 | |
| Sacrificial Pit | 1 | |
| Slaughterhouse | 1 | |
| Boneyard | 3 | |
29 total
» build order
00:23 Crypt
01:02 Ziggurat
01:09 Altar of Darkness
01:12 Graveyard
02:10 Ziggurat
02:21 Tomb of Relics
02:46 Ziggurat
03:21 Spirit Tower
03:58 Spirit Tower
04:17 Ziggurat
04:55 Halls of the Dead
05:14 Halls of the Dead
06:30 Necropolis
07:36 Black Citadel
07:36 Black Citadel
07:59 Ziggurat
09:10 Sacrificial Pit
09:46 Slaughterhouse
10:07 Ziggurat
10:09 Ziggurat
10:11 Ziggurat
10:12 Ziggurat
10:14 Ziggurat
10:26 Boneyard
10:32 Boneyard
10:34 Boneyard
11:09 Ziggurat
11:28 Spirit Tower
14:34 Tomb of Relics
» items
| Rod of Necromancy | 3 | |
| Scroll of Town Portal | 7 | |
| Orb of Corruption | 1 | |
11 total
ShotteK (
teal | 85 APM | 2696 actions | 31:40)
6 Archmage
3 Summon Water Elemental
2 Brilliance Aura
1 Mass Teleport
4 Mountain King
2 Storm Bolt
2 Thunder Clap
» actions
| Assign group hotkey | 52 | |
| Basic commands | 55 | |
| Build / train | 87 | |
| Enter build submenu | 32 | |
| Enter hero's abilities submenu | 10 | |
| Give item / drop item | 2 | |
| Right click | 1057 | |
| Select / deselect | 556 | |
| Select group hotkey | 716 | |
| Use ability | 129 | |
2696 total
» units
| Peasant | 10 | |
| Footman | 7 | |
| Priest | 5 | |
| Knight | 13 | |
| Sorceress | 1 | |
| Spell Breaker | 3 | |
| Flying Machine | 21 | |
| Acolyte | 1 | |
61 total
» upgrades
| Defend | 1 | |
| Sorceress Training | 1 | |
| Priest Training | 1 | |
| Plating | 3 | |
| Animal War Training | 1 | |
| Flak Cannons | 1 | |
8 total
» buildings
| Altar of Kings | 1 | |
| Barracks | 2 | |
| Farm | 11 | |
| Scout Tower | 1 | |
| Arcane Tower | 1 | |
| Arcane Vault | 1 | |
| Keep | 2 | |
| Lumber Mill | 1 | |
| Blacksmith | 1 | |
| Castle | 1 | |
| Arcane Sanctum | 2 | |
| Ziggurat | 3 | |
| Sacrificial Pit | 1 | |
| Town Hall | 2 | |
| Necropolis | 1 | |
| Workshop | 2 | |
| Altar of Darkness | 1 | |
34 total
» build order
00:06 Altar of Kings
00:21 Barracks
00:36 Farm
00:51 Farm
01:32 Scout Tower
01:52 Farm
02:05 Arcane Tower
03:06 Arcane Vault
03:34 Keep
03:34 Keep
04:04 Lumber Mill
04:09 Blacksmith
05:40 Farm
05:43 Farm
05:57 Castle
05:59 Arcane Sanctum
06:00 Arcane Sanctum
06:05 Barracks
07:12 Farm
07:37 Farm
09:00 Farm
09:02 Farm
09:23 Ziggurat
09:25 Ziggurat
09:27 Sacrificial Pit
09:35 Ziggurat
13:06 Town Hall
15:28 Necropolis
15:39 Workshop
15:41 Workshop
15:44 Farm
15:44 Farm
25:38 Altar of Darkness
30:38 Town Hall
» items
| Scroll of Regeneration | 1 | |
| Scroll of Town Portal | 1 | |
2 total
ImaMisoganist (
orange | 27 APM | 99 actions | 03:41)
» actions
| Basic commands | 1 | |
| Build / train | 9 | |
| Enter build submenu | 8 | |
| Right click | 50 | |
| Select / deselect | 22 | |
| Use ability | 9 | |
99 total
» units
» buildings
| Crypt | 1 | |
| Necropolis | 2 | |
| Ziggurat | 2 | |
| Altar of Darkness | 1 | |
| Graveyard | 1 | |
| Tomb of Relics | 1 | |
8 total
» build order
01:09 Crypt
01:28 Necropolis
01:48 Ziggurat
02:01 Necropolis
02:11 Altar of Darkness
02:18 Graveyard
02:27 Ziggurat
02:35 Tomb of Relics
HuhOhImHere (
yellow | 56 APM | 1974 actions | 35:05)
6 Dark Ranger
3 Silence
2 Black Arrow
1 Charm
» actions
| Assign group hotkey | 167 | |
| Basic commands | 33 | |
| Build / train | 69 | |
| Enter build submenu | 17 | |
| Enter hero's abilities submenu | 6 | |
| Give item / drop item | 2 | |
| Remove unit from queue | 8 | |
| Right click | 1252 | |
| Select / deselect | 261 | |
| Select group hotkey | 75 | |
| Use ability | 84 | |
1974 total
» units
» upgrades
| Masonry | 1 | |
| Creature Attack | 1 | |
| Creature Carapace | 1 | |
3 total
» buildings
| Scout Tower | 4 | |
| Lumber Mill | 1 | |
| Arcane Tower | 1 | |
| Black Citadel | 1 | |
| Guard Tower | 2 | |
| Boneyard | 3 | |
| Town Hall | 3 | |
| Ziggurat | 9 | |
| Spirit Tower | 2 | |
| Halls of the Dead | 1 | |
| Graveyard | 1 | |
| Crypt | 1 | |
29 total
» build order
07:03 Scout Tower
07:13 Lumber Mill
07:26 Scout Tower
07:29 Scout Tower
07:32 Scout Tower
07:47 Arcane Tower
08:01 Black Citadel
08:21 Guard Tower
08:37 Guard Tower
11:48 Boneyard
11:50 Boneyard
11:50 Boneyard
12:02 Town Hall
12:37 Ziggurat
12:37 Ziggurat
12:37 Ziggurat
12:38 Ziggurat
13:36 Spirit Tower
19:18 Town Hall
19:33 Halls of the Dead
19:35 Ziggurat
19:35 Ziggurat
19:35 Ziggurat
19:36 Ziggurat
19:38 Ziggurat
21:17 Graveyard
24:12 Spirit Tower
24:15 Crypt
29:19 Town Hall
» items
| Staff of Teleportation | 1 | |
| Boots of Speed | 1 | |
| Potion of Lesser Invulnerability | 1 | |
| Potion of Invisibility | 2 | |
| Scroll of Protection | 1 | |
| Potion of Mana | 6 | |
| Orb of Corruption | 1 | |
| Potion of Healing | 6 | |
| Scroll of Town Portal | 4 | |
| Scroll of Healing | 1 | |
24 total
team 2 (winner)

»
Intrigue (
pink | 67 APM | 2344 actions | 35:05)
5 Keeper of the Grove
3 Entangling Roots
2 Thorns Aura
3 Dark Ranger
1 Silence
2 Black Arrow
» actions
| Assign group hotkey | 60 | |
| Basic commands | 44 | |
| Build / train | 73 | |
| ESC pressed | 6 | |
| Enter build submenu | 27 | |
| Enter hero's abilities submenu | 8 | |
| Remove unit from queue | 4 | |
| Right click | 1037 | |
| Select / deselect | 212 | |
| Select group hotkey | 795 | |
| Use ability | 78 | |
2344 total
» units
| Wisp | 29 | |
| Archer | 10 | |
| Huntress | 1 | |
| Hippogryph | 7 | |
| Dryad | 3 | |
50 total
» upgrades
» buildings
| Moon Well | 9 | |
| Altar of Elders | 2 | |
| Ancient of War | 1 | |
| Tree of Ages | 3 | |
| Hunter's Hall | 2 | |
| Ancient of Wonders | 1 | |
| Ancient Protector | 1 | |
| Tree of Eternity | 1 | |
| Ancient of Lore | 2 | |
| Tree of Life | 6 | |
| Ancient of Wind | 1 | |
29 total
» build order
00:20 Moon Well
00:33 Altar of Elders
01:20 Ancient of War
01:30 Moon Well
01:50 Moon Well
04:50 Tree of Ages
05:05 Hunter's Hall
05:39 Ancient of Wonders
06:43 Moon Well
07:05 Ancient Protector
07:15 Tree of Eternity
07:28 Ancient of Lore
07:32 Tree of Life
12:06 Tree of Life
13:18 Altar of Elders
16:40 Tree of Life
23:31 Tree of Ages
24:00 Moon Well
24:02 Moon Well
24:05 Moon Well
25:41 Hunter's Hall
25:54 Tree of Life
28:51 Ancient of Wind
29:13 Ancient of Lore
30:41 Tree of Life
32:15 Moon Well
32:17 Moon Well
34:00 Tree of Ages
34:50 Tree of Life
» items
| Scroll of Town Portal | 2 | |
| Potion of Healing | 2 | |
4 total

»
MostFun4s (
red | 89 APM | 3135 actions | 35:05)
5 Archmage
2 Summon Water Elemental
3 Brilliance Aura
5 Pandaren Brewmaster
2 Drunken Haze
3 Breath of Fire
5 Pit Lord
3 Howl of Terror
2 Cleaving Attack
» actions
| Assign group hotkey | 241 | |
| Basic commands | 254 | |
| Build / train | 106 | |
| Enter build submenu | 30 | |
| Enter hero's abilities submenu | 16 | |
| Give item / drop item | 4 | |
| Right click | 927 | |
| Select / deselect | 585 | |
| Select group hotkey | 712 | |
| Use ability | 260 | |
3135 total
» units
| Peasant | 22 | |
| Footman | 5 | |
| Sorceress | 15 | |
| Spell Breaker | 8 | |
| Goblin Sapper | 2 | |
52 total
» upgrades
| Sorceress Training | 2 | |
| Control Magic | 1 | |
3 total
» buildings
| Altar of Kings | 1 | |
| Barracks | 1 | |
| Farm | 14 | |
| Scout Tower | 6 | |
| Arcane Tower | 6 | |
| Keep | 1 | |
| Arcane Vault | 1 | |
| Lumber Mill | 1 | |
| Arcane Sanctum | 4 | |
| Town Hall | 1 | |
| Castle | 1 | |
| Guard Tower | 1 | |
38 total
» build order
00:10 Altar of Kings
00:22 Barracks
00:36 Farm
00:51 Farm
01:46 Farm
02:00 Scout Tower
02:50 Arcane Tower
03:44 Keep
04:01 Arcane Vault
04:05 Farm
04:55 Farm
05:28 Lumber Mill
06:15 Arcane Sanctum
06:18 Arcane Sanctum
06:30 Town Hall
06:35 Scout Tower
06:52 Farm
06:55 Farm
07:27 Castle
09:03 Farm
09:40 Arcane Sanctum
10:00 Arcane Sanctum
13:22 Farm
13:22 Farm
13:23 Farm
13:30 Arcane Tower
13:30 Arcane Tower
15:39 Farm
15:39 Farm
15:39 Farm
24:06 Scout Tower
28:26 Scout Tower
28:27 Scout Tower
28:39 Guard Tower
28:41 Scout Tower
28:47 Arcane Tower
28:47 Arcane Tower
28:57 Arcane Tower
» items
| Scroll of Regeneration | 4 | |
| Lesser Clarity Potion | 3 | |
| Scroll of Town Portal | 4 | |
| Potion of Healing | 2 | |
| Orb of Fire | 1 | |
| Scroll of Healing | 6 | |
| Scroll of Protection | 2 | |
22 total

»
me.you (
purple | 77 APM | 2689 actions | 35:05)
8 Blood Mage
3 Flame Strike
1 Siphon Mana
3 Banish
1 Summon Phoenix
7 Mountain King
3 Storm Bolt
3 Bash
1 Avatar
» actions
| Assign group hotkey | 58 | |
| Basic commands | 81 | |
| Build / train | 121 | |
| ESC pressed | 1 | |
| Enter build submenu | 54 | |
| Enter hero's abilities submenu | 15 | |
| Give item / drop item | 1 | |
| Remove unit from queue | 1 | |
| Right click | 1065 | |
| Select / deselect | 455 | |
| Select group hotkey | 664 | |
| Use ability | 173 | |
2689 total
» units
| Peasant | 18 | |
| Goblin Shredder | 1 | |
| Dragonhawk Rider | 13 | |
| Gryphon Rider | 7 | |
| Knight | 4 | |
43 total
» upgrades
| Masonry | 3 | |
| Swords | 3 | |
| Armor | 3 | |
| Storm Hammers | 1 | |
| Cloud | 1 | |
| Animal War Training | 1 | |
12 total
» buildings
| Altar of Kings | 1 | |
| Lumber Mill | 1 | |
| Farm | 10 | |
| Arcane Vault | 3 | |
| Scout Tower | 28 | |
| Arcane Tower | 1 | |
| Town Hall | 3 | |
| Guard Tower | 23 | |
| Keep | 1 | |
| Blacksmith | 1 | |
| Castle | 1 | |
| Gryphon Aviary | 3 | |
| Barracks | 2 | |
78 total
» build order
00:03 Altar of Kings
00:15 Lumber Mill
00:18 Farm
01:00 Farm
01:21 Arcane Vault
01:34 Scout Tower
01:52 Farm
02:02 Arcane Tower
02:49 Scout Tower
03:30 Town Hall
03:33 Scout Tower
03:35 Scout Tower
03:38 Scout Tower
03:48 Guard Tower
04:00 Guard Tower
04:00 Guard Tower
04:01 Guard Tower
04:02 Guard Tower
04:03 Guard Tower
04:06 Guard Tower
04:58 Keep
05:37 Blacksmith
05:39 Scout Tower
05:44 Scout Tower
05:46 Scout Tower
05:48 Arcane Vault
06:07 Guard Tower
06:07 Guard Tower
06:09 Scout Tower
06:11 Scout Tower
06:21 Guard Tower
06:36 Guard Tower
06:36 Guard Tower
06:38 Scout Tower
06:40 Scout Tower
06:42 Guard Tower
06:44 Guard Tower
07:10 Guard Tower
07:13 Scout Tower
07:21 Castle
07:57 Gryphon Aviary
07:59 Gryphon Aviary
08:20 Gryphon Aviary
08:53 Farm
08:54 Farm
08:55 Farm
08:56 Farm
09:56 Farm
09:59 Farm
10:00 Farm
14:28 Scout Tower
14:29 Scout Tower
14:30 Scout Tower
14:31 Scout Tower
15:20 Guard Tower
15:39 Town Hall
16:23 Barracks
16:25 Barracks
25:10 Scout Tower
28:44 Town Hall
29:52 Arcane Vault
29:54 Scout Tower
29:55 Scout Tower
29:57 Scout Tower
29:58 Scout Tower
30:27 Guard Tower
31:00 Guard Tower
31:57 Scout Tower
32:01 Scout Tower
32:45 Guard Tower
32:47 Scout Tower
32:49 Scout Tower
32:52 Scout Tower
32:53 Scout Tower
33:23 Guard Tower
» items
| Scroll of Regeneration | 5 | |
| Lesser Clarity Potion | 1 | |
| Potion of Healing | 4 | |
| Scroll of Town Portal | 5 | |
| Scroll of Protection | 3 | |
| Potion of Lesser Invulnerability | 2 | |
| Boots of Speed | 1 | |
| Scroll of Healing | 1 | |
22 total

»
WC-And-ChilI (
blue | 18 APM | 640 actions | 35:05)
1 Dreadlord
1 Vampiric Aura
» actions
| Assign group hotkey | 7 | |
| Basic commands | 52 | |
| Build / train | 31 | |
| Enter build submenu | 10 | |
| Enter hero's abilities submenu | 1 | |
| Remove unit from queue | 2 | |
| Right click | 173 | |
| Select / deselect | 195 | |
| Select group hotkey | 151 | |
| Use ability | 18 | |
640 total
» units
» upgrades
| Unholy Strength | 1 | |
| Unholy Armor | 1 | |
2 total
» buildings
| Ziggurat | 4 | |
| Crypt | 2 | |
| Graveyard | 1 | |
| Altar of Darkness | 1 | |
8 total
» build order
01:58 Ziggurat
01:59 Ziggurat
02:01 Ziggurat
02:03 Ziggurat
02:23 Crypt
02:31 Graveyard
03:14 Crypt
04:19 Altar of Darkness
» items
Chat log
(00:10 / Allies) Delroy: 100g plz
(00:18 / Allies) ImaMisoganist: same
(00:29 / Allies) ImaMisoganist: ty
(00:54 / Allies) ImaMisoganist: move\
(02:42 / All) WC-And-ChilI: im just massing ziggurates
(04:06 / All) WC-And-ChilI: lolol
(04:50 / All) MostFun4s: lag helping retard ud :D
(04:56 / All) WC-And-ChilI: orange is still here
(05:02 / All) WC-And-ChilI: lol
(05:09 / All) WC-And-ChilI: someones using kloader
(05:14 / All) WC-And-ChilI: two wc3 running at same time
(05:17 / All) WC-And-ChilI: on one computer
(05:18 / All) Delroy: ???
(05:30 / All) WC-And-ChilI: orange is here
(05:32 / All) WC-And-ChilI: He hasnt left game
(05:35 / All) WC-And-ChilI: I just checked
(05:35 / All) Delroy: wtf does that mean?
(05:39 / All) WC-And-ChilI: kloader
(05:44 / All) WC-And-ChilI: someones using a program a hack
(05:48 / All) WC-And-ChilI: to run 2 wc3 games
(05:50 / All) WC-And-ChilI: at one time
(05:52 / All) WC-And-ChilI: To cheat
(05:57 / All) WC-And-ChilI: most likely pink
(06:01 / All) MostFun4s: blue sounds like he knows a lot of this kload
(06:15 / All) WC-And-ChilI: I blue a kloader in reds mom.
(06:18 / All) WC-And-ChilI: hence his rage
(06:26 / Allies) Delroy: anyone playing orange?
(06:44 / All) MostFun4s: might wanna work on your english if you're gonna troll amigo
(06:50 / All) Delroy: LOL
(06:52 / All) WC-And-ChilI: It was a pun you retard
(06:54 / All) WC-And-ChilI: blue
(06:56 / All) WC-And-ChilI: as in my color
(06:58 / All) WC-And-ChilI: in your mom
(07:02 / All) WC-And-ChilI: What a dipshit
(07:03 / All) WC-And-ChilI: jesus.
(07:19 / All) MostFun4s: sure bro, i think you just are illiterate monkey :D
(07:24 / All) WC-And-ChilI: Oh, okay.
(08:40 / All) WC-And-ChilI: killed pink
(09:08 / All) MostFun4s: that was a pun for he licked pink's anus
(09:40 / Allies) Delroy: wood plz?
(12:00 / Allies) Delroy: can u give my lich that mana stone?
(12:07 / Allies) ShotteK: sure
(13:16 / All) WC-And-ChilI: pink rebuilding
(13:17 / All) WC-And-ChilI: My base
(13:24 / All) WC-And-ChilI: far left base is gone
(13:55 / Allies) Delroy: FUCK..
(15:20 / Allies) HuhOhImHere: purp mhs imo lol
(15:26 / Allies) HuhOhImHere: he wnet straight for orange because boneyards
(15:29 / Allies) Delroy: i vbet..
(15:42 / All) WC-And-ChilI: pink and red and purple going to yellow
(15:44 / Allies) Delroy: teal give me mana stone.. u have aura wtf
(15:58 / All) WC-And-ChilI: Yeah someone on this side is running kloader
(15:59 / All) WC-And-ChilI: lulz
(16:07 / All) HuhOhImHere: probably purple
(16:13 / All) WC-And-ChilI: Most likely.
(16:28 / All) WC-And-ChilI: Who is it?
(16:36 / All) WC-And-ChilI: Might as well come clean now
(16:40 / All) WC-And-ChilI: First orange drops
(16:45 / All) WC-And-ChilI: then yeloow doesnt build.
(17:00 / All) HuhOhImHere: I'm just fucking around
(17:05 / All) HuhOhImHere: but purple is pretty suspicious
(17:08 / All) WC-And-ChilI: I dont believe that.
(17:13 / All) WC-And-ChilI: Purple sucks
(17:15 / All) WC-And-ChilI: Played him last game
(17:24 / All) WC-And-ChilI: they had 2vs4 and they struggled to win 2vs4
(17:27 / All) WC-And-ChilI: they had 4 players.
(17:33 / All) WC-And-ChilI: i bsed and my other teammate bsed
(17:41 / All) WC-And-ChilI: and purple and the other 3 guys were scrambling
(17:59 / All) WC-And-ChilI: but yeah purple does seem like hes mhing
(18:06 / All) WC-And-ChilI: Im more curious who is using kloader that
(18:31 / Allies) Delroy: I HAD TO OUT
(18:42 / All) WC-And-ChilI: green and teal gonna win this
(18:44 / All) WC-And-ChilI: for you guys
(18:47 / All) WC-And-ChilI: Based on heroes
(18:54 / All) WC-And-ChilI: teal and green are carrying hard.
(19:01 / Allies) ShotteK: wood pls
(19:02 / Allies) Delroy: my lich could have really used that mana stone there..
(19:19 / All) WC-And-ChilI: purple remaking his heroes
(19:22 / All) WC-And-ChilI: basically broke
(19:26 / Allies) HuhOhImHere: lumber?
(19:29 / All) WC-And-ChilI: pink is expoing at yellows base
(19:39 / All) WC-And-ChilI: red is creepjacking teal
(19:41 / All) WC-And-ChilI: Lol
(19:46 / All) WC-And-ChilI: Wonder how he knew teal was there
(20:26 / All) MostFun4s: no clue he was there i went to cree
(20:27 / All) MostFun4s: p
(20:31 / All) WC-And-ChilI: Yeah.
(20:33 / All) WC-And-ChilI: He did go to creep
(20:40 / All) WC-And-ChilI: Dont believe him
(20:52 / All) WC-And-ChilI: green
(20:54 / All) WC-And-ChilI: They are gonna jack you
(21:00 / All) WC-And-ChilI: Oh ytou're fine
(21:03 / All) WC-And-ChilI: teal just won it for you
(21:04 / All) WC-And-ChilI: g
(21:17 / All) WC-And-ChilI: Purple just got rekt by teal
(21:50 / All) WC-And-ChilI: green you should get out
(21:53 / All) WC-And-ChilI: Polymorph.
(22:34 / All) WC-And-ChilI: teals giant penis just came in
(22:39 / All) WC-And-ChilI: and banged the 3 vaginas on my team
(22:41 / All) WC-And-ChilI: called teammates
(22:47 / Allies) Delroy: tealll nooo
(22:51 / Allies) Delroy: U DIDNT have tp?
(23:08 / All) WC-And-ChilI: teal
(23:17 / Allies) HuhOhImHere: need manas
(23:19 / All) WC-And-ChilI: trump would be proudof you
(23:39 / All) MostFun4s: i was texting thought teal was on our team actually in that fight rofl
(23:40 / Allies) HuhOhImHere: go
(24:53 / Allies) Delroy: I FUCKED UP
(24:54 / Allies) Delroy: its gg
(25:04 / Allies) HuhOhImHere: you got tp teal?
(25:21 / All) WC-And-ChilI: they hitting orange
(25:40 / All) WC-And-ChilI: they going for oranges base
(26:22 / All) WC-And-ChilI: delroy they targetting you
(27:21 / All) WC-And-ChilI: lol you guys lost just leave
(27:23 / All) Delroy: TEAL just wastn there with me
(27:28 / All) WC-And-ChilI: yeah i saw
(27:31 / All) WC-And-ChilI: it was prettty bad
(27:32 / All) me.you: its 2vs4
(27:33 / All) Delroy: anytime.
(27:34 / All) WC-And-ChilI: just leave you lost
(28:23 / All) WC-And-ChilI: Lol why did you hit without teal
(28:27 / All) WC-And-ChilI: you had a free win
(28:32 / All) Delroy: i just got sick and tired of it.
(28:32 / All) WC-And-ChilI: that was retarded
(28:56 / All) Delroy: i gotta try and figure out what the fuck yellow is doing
(29:01 / All) Delroy: he dont even know
(29:04 / All) WC-And-ChilI: yellows trolling
(29:05 / All) WC-And-ChilI: Lol
(29:06 / All) Delroy: i was borderline gonna play orange..
(29:20 / All) me.you: blue vs 2 in my team
(29:23 / All) me.you: so stft
(29:31 / All) me.you: he bs
(29:33 / Allies) HuhOhImHere: you guys fought too many times away from each other
(29:38 / All) WC-And-ChilI: I bs but you still had maphacks
(29:42 / All) WC-And-ChilI: And you dropped orange
(29:45 / All) WC-And-ChilI: And yellow didnt play
(29:47 / All) WC-And-ChilI: Lol
(29:55 / All) WC-And-ChilI: 2vs3
(30:01 / All) WC-And-ChilI: eh pink ive bsed you so many times
(30:02 / All) HuhOhImHere: I played ornage hero
(30:08 / All) Intrigue: yup
(30:09 / All) Intrigue: ur an ass
(30:13 / All) Delroy: yeah yellow was just playing oranges hero..
(30:17 / All) WC-And-ChilI: yeah
(30:23 / All) WC-And-ChilI: Yellow was most likely
(30:26 / All) WC-And-ChilI: Purple or red
(30:28 / All) WC-And-ChilI: Or pink
(30:35 / All) WC-And-ChilI: Someone on this team was running kloader i saw it
(30:45 / All) WC-And-ChilI: So you didnt really have a teammate
(30:58 / All) Delroy: he gave me a little bit of gold at odd intervals..
(31:31 / All) WC-And-ChilI: teal could rape if he would make morts and gyros.
(31:34 / All) WC-And-ChilI: He keeps feeding so bad.
(31:36 / All) ShotteK: gg
(31:39 / All) WC-And-ChilI: teal seems suspect
(31:40 / All) Delroy: yeah teal was not a good player.
(31:44 / All) Delroy: thats why i hit without him.
(31:55 / All) me.you: so easy
(31:56 / All) me.you: 4vs2
(31:58 / All) Delroy: he kept making straight knights vs caster and heavy air..
(32:08 / All) WC-And-ChilI: Orange is still in this game
(32:10 / All) WC-And-ChilI: right now
(32:14 / All) WC-And-ChilI: So whoever is using kloader
(32:15 / All) Delroy: hes not..
(32:16 / All) WC-And-ChilI: Is still here
(32:17 / All) WC-And-ChilI: Lol
(32:19 / All) WC-And-ChilI: Yes he is.
(32:20 / All) MostFun4s: always feels easy when you got a teammate like me
(32:34 / All) WC-And-ChilI: He left the game in a sense
(32:37 / All) WC-And-ChilI: but he didnt really.
(32:45 / All) Delroy: Wtf are u talking about whore
(32:47 / All) WC-And-ChilI: Kloader lets you run multiple versions of wc3
(32:59 / All) WC-And-ChilI: someone on my team has 2 copies of wc3 going
(33:04 / All) WC-And-ChilI: And the were using orange with it
(33:09 / All) WC-And-ChilI: and left
(33:09 / All) Delroy: how the fuck can u tell that?
(33:20 / All) WC-And-ChilI: Ip address shows what software people run
(33:23 / All) WC-And-ChilI: 3rd party software
(33:41 / All) WC-And-ChilI: Battlenet doesnt allow 3rd party software
(33:45 / All) WC-And-ChilI: Lol
(33:49 / All) WC-And-ChilI: Yet its active on this server
(33:56 / All) WC-And-ChilI: The question is whose IP is it.
(34:05 / All) MostFun4s: if you can see things ppl are running, then you yourself are using 3rd party software
(34:08 / All) WC-And-ChilI: Im pretty sure its purple or pink.
(34:17 / All) WC-And-ChilI: red seems kinda retarded
(34:22 / All) WC-And-ChilI: Based on the statement he just made
(34:25 / All) WC-And-ChilI: Im doubting it was him
(34:27 / All) Intrigue: glad our side won without you bluee
(34:35 / All) WC-And-ChilI: Yeah its a free win for me too
(34:38 / All) Delroy: glad my side only had me.
(35:03 / All) HuhOhImHere: gg noob team